 Dungeon Sprint DCSS version 0.21.0-24-g2553a33 (webtiles) character file.

431 letownia2 the Grappler (level 6, -1/62 HPs)
             Began as a Troll Hunter on Jan 19, 2018.
             Was an Initiate of Gozag.
             Slain by Sonja
             ... wielding a +0 short sword of venom
              (4 damage)
             ... in the Dungeon (Sprint I: "Red Sonja").
             The game lasted 00:01:57 (186 turns).

letownia2 the Grappler (Troll Hunter)                Turns: 186, Time: 00:01:57

Health: -1/62      AC:  5    Str: 21    XL:     6   Next: 67%
Magic:  5/5        EV: 11    Int:  9    God:    Gozag
Gold:   315        SH:  0    Dex: 10    Spells: 5/5 levels left

rFire    . . .     SeeInvis .     - Unarmed
rCold    . . .     Gourm    +   (no shield)
rNeg     . . .     Faith    .   b - +0 robe
rPois    .         Spirit   .   (helmet restricted)
rElec    .         Reflect  .   (no cloak)
rCorr    .         Harm     .   (gloves unavailable)
MR       .....     NoTele   +   (boots unavailable)
Stlth    +.........             (no amulet)
HPRegen  0.60/turn              (no ring)
MPRegen  0.09/turn              (no ring)

@: lethally poisoned (-1 -> -46), slowed, very slow
A: large, unfitting armour, claws 3, fast metabolism 3, gourmand, regeneration
1, shaggy fur 1, tough skin 2
a: Potion Petition, Call Merchant, Bribe Branch, Renounce Religion


You were in the Dungeon.
You worshipped Gozag.
Gozag was aware of your devotion.
You were very full.

You visited 1 branch You collected 315 gold pieces.

Inventory:

Hand Weapons
 a - a +0 short sword
Missiles
 c - 5 large rocks (quivered)
Armour
 b - a +0 robe (worn)
Wands
 n - a wand of random effects (32)
Scrolls
 k - a scroll of blinking
Potions
 e - a potion of curing
 g - a potion of heal wounds
 h - a potion of haste
 i - 2 potions of magic
 j - a potion of berserk rage
 l - a potion of flight {unknown}
 o - a potion of invisibility {unknown}
Comestibles
 f - 2 rations


   Skills:
 + Level 3.7 Fighting
 - Level 3.6 Throwing
 + Level 3.7 Dodging
 - Level 0.3 Stealth
 + Level 12.7 Unarmed Combat


You had 5 spell levels left.
You didn't know any spells.

Dungeon Overview and Level Annotations

Branches:
Dungeon (1/1)

Altars:
Cheibriados
Dithmenos
Elyvilon
Fedhas
Gozag
Hepliaklqana
Kikubaaqudgha
Nemelex Xobeh
Okawaru
Qazlal
Ru
Sif Muna
Trog
Uskayaw
Vehumet
Wu Jian
Yredelemnul
Zin
The Shining One

Shops:
D %

Annotations:
D Sonja


Innate Abilities, Weirdness & Mutations

You are too large for most types of armour.
You have claws for hands.
Your metabolism is lightning-fast.
You like to eat raw meat.
Your natural rate of healing is unusually fast.
You are covered in fur. (AC +1)
You have very tough skin. (AC +2)


Message History

You are more poisoned.
Sonja hits you with an uncursed short sword of venom.
You are lethally poisoned!
Sonja hits you with an uncursed short sword of venom.
Unknown command.
You completely miss Sonja.
* * * LOW HITPOINT WARNING * * *
You feel very sick.
Sonja hits you with an uncursed short sword of venom!
* * * LOW HITPOINT WARNING * * *
Sonja hits you with an uncursed short sword of venom.
* * * LOW HITPOINT WARNING * * *
Sonja hits you but does no damage.
You are more poisoned.
Sonja hits you but does no damage.
You are more poisoned.
Sonja barely misses you.
Sonja hits you with an uncursed short sword of venom.
You die...
Your body crumbles into a pile of gold.

#..').#..)..#..+
$$
#..#####'#####'#
#..####..#...#.#
#..#__####..##[#
$$
#..#_____##'#_.+
#⌠⌠#_.∩...'.(._#
$$
####_..__##_(#+#
$$#_____###K# $$
$ ####### #@# $
+$.$+$$ $$ #$.$#
$ ##(## $#+#$ $
$ $ $ $ $ $ $ $


You could see Sonja.

Vanquished Creatures
  Sigmund (D)
  A yak (D)
  An ogre (D)
  A jelly (D)
  Ijyb (D)
5 creatures vanquished.

Notes
Turn   | Place    | Note
-------+----------+-------------------------------------------
     0 | D        | letownia2 the Troll Hunter began the quest for the Orb.
     0 | D        | Reached XP level 1. HP: 19/19 MP: 0/0
     3 | D        | Noticed Ijyb
    21 | D        | Killed Ijyb
    21 | D        | Reached skill level 5 in Unarmed Combat
    21 | D        | Reached XP level 2. HP: 26/27 MP: 1/1
    37 | D        | Noticed an ogre
    44 | D        | Killed an ogre
    44 | D        | Reached skill level 9 in Unarmed Combat
    44 | D        | Reached XP level 3. HP: 33/33 MP: 2/2
    44 | D        | Reached XP level 4. HP: 41/41 MP: 3/3
    59 | D        | Noticed Sigmund
    66 | D        | Killed Sigmund
    66 | D        | Reached skill level 12 in Unarmed Combat
    66 | D        | Reached XP level 5. HP: 32/48 MP: 4/4
    66 | D        | Reached XP level 6. HP: 37/55 MP: 5/5
   103 | D        | Found an ornate altar of the Wu Jian Council.
   103 | D        | Found a deep blue altar of Sif Muna.
   105 | D        | Found a radiant altar of Vehumet.
   156 | D        | Found Atyfyalo's Food Emporium.
   156 | D        | Found an ancient bone altar of Kikubaaqudgha.
   156 | D        | Found a hazy altar of Hepliaklqana.
   156 | D        | Found a hide-covered altar of Uskayaw.
   156 | D        | Found a basalt altar of Yredelemnul.
   156 | D        | Found an opulent altar of Gozag.
   156 | D        | Found a snail-covered altar of Cheibriados.
   156 | D        | Found a sacrificial altar of Ru.
   156 | D        | Found a shadowy altar of Dithmenos.
   156 | D        | Noticed a yak
   160 | D        | Killed a yak
   161 | D        | Found a stormy altar of Qazlal.
   161 | D        | Found a blossoming altar of Fedhas.
   161 | D        | Found a bloodstained altar of Trog.
   161 | D        | Found an iron altar of Okawaru.
   161 | D        | Found a glowing golden altar of the Shining One.
   161 | D        | Found a glowing silver altar of Zin.
   161 | D        | Found a white marble altar of Elyvilon.
   162 | D        | Found a sparkling altar of Nemelex Xobeh.
   165 | D        | Became a worshipper of Gozag Ym Sagoz the Greedy
   173 | D        | Noticed Sonja
   186 | D        | HP: 3/62 [Sonja/uncursed short sword of venom (5)]
   186 | D        | Slain by Sonja

Skill      XL: |  1  2  3  4  5  6 |
---------------+-------------------+-----
Unarmed Combat | 5 9 12 | 12.7
Fighting       | 3 |  3.7
Dodging        | 3 |  3.7
Throwing       | |  3.6
Stealth        | |  0.3

Action                   |  1- 3 |  4- 6 || total
-------------------------+-------+-------++-------
Melee: Unarmed           |    21 |    16 ||    37
Throw: Large rock        |     1 |       ||     1
       Throwing net      |       |     3 ||     3
  Eat: Chunk             |       |     5 ||     5
Armor: Robe              |     7 |     4 ||    11
Dodge: Dodged            |     8 |    11 ||    19
